 Dungeon Sprint DCSS version 0.29.1-4-g47bece8355 (webtiles) character file.

Game seed: 16893932153450069523

296 boopmooplesden the Basher (level 6, -23/64 HPs)
             Began as a Minotaur Berserker on Dec 11, 2022.
             Was a Priest of Trog.
             Annihilated by a two-headed ogre
             ... wielding a +0 giant spiked club
              (28 damage)
             ... in the Dungeon (Sprint IX: "|||||||||||||||||||||||||||||").
             The game lasted 00:00:57 (648 turns).

boopmooplesden the Basher (Minotaur Berserker)       Turns: 648, Time: 00:00:58

Health: -23/64     AC: 13    Str: 27    XL:     6   Next: 12%
Magic:  5/5        EV: 12    Int:  4    God:    Trog [***...]
Gold:   0          SH:  0    Dex:  9    Spells: 5/5 levels left

rFire   . . .      SeeInvis .   l - +5 scythe "Finisher" {speed, eviscerate}
rCold   . . .      Faith    .   (shield currently unavailable)
rNeg    . . .      Spirit   .   o - +1 chain mail
rPois   .          Reflect  .   (helmet restricted)
rElec   .          Harm     .   m - +0 cloak
rCorr   .          Rampage  .   n - +0 pair of gloves
Will    ++...      NoTele   +   (no boots)
Stlth   ..........              (no amulet)
HPRegen 1.20/turn               p - +3 ring of strength
MPRegen 0.09/turn               q - +2 ring of evasion

@: strong-willed, on berserk cooldown, regenerating, slowed, very slow
A: horns 2, retaliatory headbutt
a: Renounce Religion, Berserk, Trog's Hand


You were in the Dungeon.
You worshipped Trog.
Trog was most pleased with you.
You visited 1 branch

Inventory:

Hand Weapons
 a - a +0 mace
 k - a +2 vorpal morningstar
 l - the +5 scythe "Finisher" (weapon) {speed, eviscerate}
   (You found it in the Dungeon)

   Attacks with this weapon are significantly faster.
   It may eviscerate those it strikes, slaying them instantly, with a decreasing
   chance against stronger foes.
Armour
 b - a +0 animal skin
 m - a +0 cloak (worn)
 n - a +0 pair of gloves (worn)
 o - a +1 chain mail (worn)
Jewellery
 p - a +3 ring of strength (left hand)
 q - a +2 ring of evasion (right hand)
Wands
 j - a wand of roots (10)
Scrolls
 h - 2 scrolls of blinking
Potions
 c - 5 potions of curing
 d - 3 potions of heal wounds
 e - a potion of haste
 f - 4 potions of magic
 g - a potion of berserk rage
 i - a potion of invisibility


   Skills:
 + Level 9.5 Fighting
 + Level 11.0 Maces & Flails
 + Level 5.0 Armour
 + Level 5.4 Dodging


You had 5 spell levels left.
You didn't know any spells.
Your spell library was empty.

Dungeon Overview and Level Annotations

Branches:
Dungeon (1/1)

Altars:
Cheibriados
Dithmenos
Elyvilon
Fedhas
Gozag
Hepliaklqana
Kikubaaqudgha
Makhleb
Nemelex Xobeh
Okawaru
Qazlal
Ru
Sif Muna
Trog
Uskayaw
Vehumet
Wu Jian
Xom
Yredelemnul
Zin
The Shining One
Jiyva
Lugonu


Innate Abilities, Weirdness & Mutations

You have a pair of horns on your head.
You reflexively headbutt those who attack you in melee.


Message History

You barely miss the wraith. Your headbutt misses the wraith.
The wraith barely misses you.
The gnoll bouda gazes fiercely through you!
You feel your attacks grow feeble.
You slice the wraith!!
You blow up the wraith!
Trog accepts your kill.
Your Fighting skill gained 2 levels and is now at level 9!
Your Maces & Flails skill gained 2 levels and is now at level 11!
Your Armour skill increases to level 5!
Your Dodging skill increases to level 5!
You have reached level 6!
You slash the two-headed ogre! You headbutt the two-headed ogre!
The two-headed ogre is moderately wounded.
The two-headed ogre barely misses you.
The two-headed ogre hits you with a +0 giant spiked club!!
You closely miss the two-headed ogre.
The two-headed ogre is moderately wounded.
The two-headed ogre closely misses you. x2
You puncture the two-headed ogre!
The two-headed ogre is heavily wounded.
You are no longer berserk.
You are exhausted.
You feel as though you will be slow longer.
The two-headed ogre barely misses you.
The two-headed ogre hits you with a +0 giant spiked club.
You puncture the two-headed ogre!
The two-headed ogre is severely wounded.
Your attacks no longer feel as feeble.
The two-headed ogre hits you with a +0 giant spiked club!!
Ouch! That really hurt!
* * * LOW HITPOINT WARNING * * *
The two-headed ogre closely misses you.
You slash the two-headed ogre!
The two-headed ogre is almost dead.
The two-headed ogre hits you with a +0 giant spiked club!
* * * LOW HITPOINT WARNING * * *
The two-headed ogre closely misses you.
The two-headed ogre hits you with a +0 giant spiked club!!
You die... ▓▓▓▓▓▓▓▓▓▓▓▓▓▓▓▓▓▓▓▓▓▓▓▓ _______'.?).....@OWOgo.. ▓▓▓▓▓▓▓▓▓▓▓▓▓▓▓▓▓▓▓▓▓▓▓▓

You could see 2 two-headed ogres, a wraith, a gnoll bouda and an orc wizard.

Vanquished Creatures
  A wraith (D)
  An ice beast (D)
  An orc priest (D)
  A gnoll (D)
  A dart slug (D)
  An orc (D)
  2 endoplasms (D)
  A frilled lizard (D)
  2 rats (D)
11 creatures vanquished.

Notes
Turn   | Place    | Note
-------+----------+-------------------------------------------
     0 | D        | boopmooplesden the Minotaur Berserker began the quest for
                  | the Orb.
     0 | D        | Reached XP level 1. HP: 19/19 MP: 0/0
     9 | D        | Reached skill level 4 in Maces & Flails
    11 | D        | Reached ** piety under Trog
   211 | D        | Noticed an orc priest
   211 | D        | Noticed an ice beast
   216 | D        | Reached skill level 5 in Fighting
   216 | D        | Reached skill level 5 in Maces & Flails
   216 | D        | Reached XP level 2. HP: 29/29 MP: 1/1
   216 | D        | Reached *** piety under Trog
   220 | D        | Reached skill level 6 in Maces & Flails
   220 | D        | Reached XP level 3. HP: 34/37 MP: 2/2
   226 | D        | Killed an ice beast
   227 | D        | Reached skill level 9 in Maces & Flails
   227 | D        | Reached XP level 4. HP: 23/48 MP: 3/3
   227 | D        | Reached XP level 5. HP: 26/53 MP: 4/4
   564 | D        | Found a snail-covered altar of Cheibriados.
   564 | D        | Found a shadowy altar of Dithmenos.
   564 | D        | Found a white marble altar of Elyvilon.
   564 | D        | Found a blossoming altar of Fedhas.
   564 | D        | Found an opulent altar of Gozag.
   565 | D        | Found a hazy altar of Hepliaklqana.
   566 | D        | Found a viscous altar of Jiyva.
   567 | D        | Found an ancient bone altar of Kikubaaqudgha.
   568 | D        | Found a corrupted altar of Lugonu.
   569 | D        | Found a burning altar of Makhleb.
   570 | D        | Found a sparkling altar of Nemelex Xobeh.
   571 | D        | Found an iron altar of Okawaru.
   572 | D        | Found a stormy altar of Qazlal.
   573 | D        | Found a sacrificial altar of Ru.
   574 | D        | Found a shimmering blue altar of Sif Muna.
   575 | D        | Found a bloodstained altar of Trog.
   576 | D        | Found a hide-covered altar of Uskayaw.
   577 | D        | Found a radiant altar of Vehumet.
   578 | D        | Found an ornate altar of the Wu Jian Council.
   579 | D        | Found a shimmering altar of Xom.
   580 | D        | Found a basalt altar of Yredelemnul.
   581 | D        | Found a glowing silver altar of Zin.
   582 | D        | Found a glowing golden altar of the Shining One.
   590 | D        | Found the +5 scythe "Finisher" {speed, eviscerate}
   637 | D        | Noticed a wraith
   637 | D        | Noticed a two-headed ogre
   637 | D        | Noticed a wraith
   637 | D        | Noticed a two-headed ogre
   643 | D        | Killed a wraith
   644 | D        | Reached skill level 11 in Maces & Flails
   644 | D        | Reached skill level 5 in Armour
   644 | D        | Reached skill level 5 in Dodging
   644 | D        | Reached XP level 6. HP: 64/64 MP: 5/5
   648 | D        | Annihilated by a two-headed ogre

Illustrated notes

Levels and vault maps discovered:
D:        linesprint [early_d, line_temple, items_1, d_10, items_2, lair_1,
          lair_end, items_3, orc_1, orc_end, items_4, d_15, swamp_1, shoals_1,
          snake_1, spider_1, d_20, vaults_1, items_5, swamp_end, shoals_end,
          snake_end, spider_end, vaults_end, d_27, items_6, zot_1, zot_end,
          crypt_end, forest_end, elf_end, slime_end, tomb_end, abyss_end,
          pan_hell_end]

Skill      XL: |  1  2  3  4  5 |
---------------+----------------+-----
Fighting       | 5 6 7 9 |  9.5
Maces & Flails | 5 6 9 11 | 11.0
Armour         | 3 4 5 |  5.0
Dodging        | 3 4 5 |  5.4

Action                   |  1- 3 |  4- 6 || total
-------------------------+-------+-------++-------
Melee: Mace              |    25 |       ||    25
       Headbutt          |     3 |     1 ||     4
       Scythe            |       |    11 ||    11
Invok: Berserk           |     1 |     1 ||     2
       Trog's Hand       |       |     1 ||     1
Armor: Animal skin       |     1 |       ||     1
       Chain mail        |       |     1 ||     1
Dodge: Dodged            |     5 |    10 ||    15
